 Dungeon Crawl Stone Soup version 0.28-a0-32-g8dfe7f97f6 (webtiles) character file.

Game seed: 8635880328202228424

186690 wakim the Severer (level 17, -5/150 HPs)
             Began as a Minotaur Berserker on July 27, 2021.
             Was a High Priest of Trog.
             Splashed by a goliath frog's acid (9 damage)
             ... on level 4 of the Swamp.
             The game lasted 01:56:38 (44483 turns).

wakim the Severer (Minotaur Berserker)             Turns: 44483, Time: 01:56:39

Health: -5/150     AC: 23    Str: 25    XL:     17   Next: 85%
Magic:  0/17       EV: 11    Int: 12    God:    Trog [*****.]
Gold:   2903       SH:  0    Dex: 16    Spells: 16/16 levels left

rFire   + + .      SeeInvis +   a - +8 frozen axe "Frostbite" {freezing cloud, *Noise Fly rC+}
rCold   + + .      Faith    .   (shield currently unavailable)
rNeg    . . .      Spirit   +   o - +3 plate armour "Quismol" {Drain rElec rPois rC+ SInv}
rPois   +          Reflect  .   q - +2 hat
rElec   +          Harm     .   e - +0 cloak
rCorr   .          Rampage  +   G - +0 pair of gloves
Will    +....                   P - +2 pair of boots {rampage}
Stlth   ..........              f - amulet of guardian spirit
HPRegen 0.35/turn               n - ring of Twilight {rElec rF+ Int+4 Slay+2}
MPRegen 0.15/turn               z - ring of protection from fire

@: corroded, flying
A: horns 2, retaliatory headbutt, iridescent scales 1, agile 2, clever 1, high
mp 1, sense surroundings 1, evolution 1
a: Renounce Religion, Berserk, Trog's Hand, Brothers in Arms


You were on level 4 of the Swamp.
You worshipped Trog.
Trog was extremely pleased with you.
You visited 6 branches of the dungeon, and saw 31 of its levels.
You also visited: Ossuary and Bailey.

You collected 3581 gold pieces.
You spent 678 gold pieces at shops.

Inventory:

Hand Weapons
 a - the +8 frozen axe "Frostbite" (weapon) {freezing cloud, *Noise Fly rC+}
   (You found it in a bailey)

   It freezes those it strikes, dealing additional cold damage.
   It can also slow down cold-blooded creatures.
   It occasionally leaves clouds of freezing vapour upon striking a foe.
   It grants immunity to clouds of freezing vapour.
   rC:        It protects you from cold.
   Fly:       It grants you flight.
   *Noise:    It may make noises in combat.
 b - a +5 executioner's axe of flaming
 c - a +0 arbalest
 d - the +7 hand axe of Arrival {flame, Fly rF+ rC-}
   (You took it off a kobold in a bailey)

   It burns those it strikes, dealing additional fire damage.
   Big, fiery blades are also staple armaments of hydra-hunters.
   rF:        It protects you from fire.
   rC:        It makes you vulnerable to cold.
   Fly:       It grants you flight.
Missiles
 g - 6 atropa-tipped darts
 i - 3 throwing nets {=f!f}
 j - 7 silver javelins
 k - 6 curare-tipped darts {=f}
 l - 200 bolts
 p - 10 javelins
 x - 109 boomerangs (quivered)
Armour
 e - a +0 cloak (worn)
 o - the +3 plate armour "Quismol" (worn) {Drain rElec rPois rC+ SInv}
   (You found it on level 6 of the Lair of Beasts)

   rC:        It protects you from cold.
   rElec:     It insulates you from electricity.
   rPois:     It protects you from poison.
   SInv:      It lets you see invisible.
   Drain:     It drains your maximum health when unequipped.
 q - a +2 hat (worn)
 G - a +0 pair of gloves (worn)
 P - a +2 pair of boots of rampaging (worn)
Jewellery
 f - an amulet of guardian spirit (around neck)
 h - a ring of positive energy
 n - the ring of Twilight (left hand) {rElec rF+ Int+4 Slay+2}
   (You acquired it on level 7 of the Dungeon)

   [ring of protection from fire]

   Int:       It affects your intelligence (+4).
   Slay:      It affects your accuracy & damage with ranged weapons and melee
   (+2).
   rF:        It protects you from fire.
   rElec:     It insulates you from electricity.
 s - a +4 ring of evasion
 z - a ring of protection from fire (right hand)
 W - a ring of ice
 Z - a ring of fire
Wands
 t - a wand of digging (17)
 u - a wand of mindburst (8)
 v - a wand of flame (87)
 w - a wand of acid (27)
 y - a wand of paralysis (7)
Scrolls
 m - a scroll of brand weapon
 r - 8 scrolls of identify
 A - 5 scrolls of enchant armour
 R - 6 scrolls of magic mapping {!r}
 S - 5 scrolls of summoning
 T - 14 scrolls of teleportation
 U - 6 scrolls of fear
 X - a scroll of fog
 Y - 5 scrolls of blinking {!r}
Potions
 B - 8 potions of attraction {!q}
 C - 3 potions of berserk rage {!q}
 E - 5 potions of cancellation
 F - 13 potions of curing
 H - 5 potions of haste
 J - 9 potions of heal wounds
 L - 6 potions of lignification {!q}
 N - 4 potions of might
 O - 2 potions of resistance


   Skills:
 + Level 13.6 Fighting
 * Level 20.3(21.2) Axes
 - Level 12.2(17.5) Maces & Flails
 + Level 10.0 Crossbows
 - Level 12.0 Throwing
 + Level 16.4 Armour
 - Level 8.0 Dodging
 - Level 8.0 Evocations


You had 16 spell levels left.
You didn't know any spells.
Your spell library was empty.

Dungeon Overview and Level Annotations

Branches:
Dungeon (15/15)            Temple (1/1) D:7            Lair (6/6) D:8
  Swamp (4/4) Lair:3       Spider (0/4) Lair:4        Slime (0/5) Lair:5
    Orc (2/2) D:12            Elf (3/3) Orc:2        Vaults (0/5) D:14
 Depths (0/5) D:15        Ossuary (visited)          Bailey (visited)

Altars:
Ashenzari
Dithmenos
Kikubaaqudgha
Nemelex Xobeh
Okawaru
Qazlal
Sif Muna
Trog
Uskayaw
Vehumet
Xom
Beogh
Jiyva

Shops:
D:8 =   D:11 !   Orc:2 =(![?*   Elf:2 [


Innate Abilities, Weirdness & Mutations

You have a pair of horns on your head.
You reflexively headbutt those who attack you in melee.
You are partially covered in iridescent scales. (AC +2)
You are very agile. (Dex +4)
Your mind is acute. (Int +2)
You have an increased reservoir of magic. (+10% MP)
You passively map a small area around you.
You evolve.


Message History

You are splashed with acid!
* * * LOW HITPOINT WARNING * * *
The goliath frog hits you!
* * * LOW HITPOINT WARNING * * *
The acid corrodes you!
You are splashed with acid.
* * * LOW HITPOINT WARNING * * *
The goliath frog closely misses you. The goliath frog closely misses you.
Unknown command.
The goliath frog hits you from afar.
* * * LOW HITPOINT WARNING * * *
You are splashed with acid!
* * * LOW HITPOINT WARNING * * *
Press: ? - help, v - describe, . - travel
Here: a goliath frog The floor.
You enter the shallow water.
Moving in this stuff is going to be slow.
The goliath frog hits you from afar.
* * * LOW HITPOINT WARNING * * *
You are splashed with acid!
* * * LOW HITPOINT WARNING * * *
Your +5 executioner's axe of flaming stops flaming.
You fly up into the air.
The +8 frozen axe "Frostbite" {freezing cloud, *Noise Fly rC+} glows with a cold blue light!
a - the +8 frozen axe "Frostbite" (weapon)
{freezing cloud, *Noise Fly rC+} The goliath frog hits you but does no damage.
The goliath frog hits you from afar!
* * * LOW HITPOINT WARNING * * *
You are splashed with acid!
* * * LOW HITPOINT WARNING * * *
The goliath frog barely misses you. The goliath frog hits you from afar!
* * * LOW HITPOINT WARNING * * *
You are splashed with acid!
* * * LOW HITPOINT WARNING * * *
You feel much better. The goliath frog hits you from afar!
* * * LOW HITPOINT WARNING * * *
The acid corrodes you!
You are splashed with acid!
You die...

* *♣..≈≈....≈..♣
♣....?.≈≈≈..≈♣ ♣♣ ≈
♣♣♣♣♣♣♣≈≈≈.♣♣♣♣♣♣.≈
♣♣♣♣.§♣≈≈≈§§.≈≈≈≈.≈
♣♣♣..≈.≈...≈≈≈≈≈..≈≈≈
♣≈.≈≈≈≈≈...§≈§≈≈≈≈≈≈≈
♣♣≈≈≈≈≈≈§≈≈≈§F≈≈≈.≈≈≈ ≈
♣..≈≈≈≈≈§≈≈≈≈§§≈.≈≈≈≈.
♣♣..≈†≈≈≈§.≈≈≈@≈≈≈≈≈≈≈≈
♣♣♣.....≈≈≈≈.≈≈≈≈≈≈≈≈≈≈≈≈
≈
.≈≈≈≈≈††≈≈≈§§≈.≈≈≈≈≈.≈≈≈≈
,
.†≈†≈≈≈.≈≈≈≈......≈§..≈≈≈
≈
..≈≈≈≈[♣♣≈...♣≈.....≈≈[..
≈≈≈≈≈≈.♣♣♣♣.≈♣♣♣†.≈≈≈≈≈≈≈
≈≈≈≈≈.≈♣ ♣♣♣♣ ♣≈<≈§..≈≈≈
≈≈≈.≈♣♣♣ ♣♣≈.≈≈≈≈≈≈
.♣.♣♣♣ * * ≈≈≈≈≈≈≈≈≈ ,≈


You could see a goliath frog.

Vanquished Creatures
  Rupert (D:12)
  Jorgrun (D:13)
  A deep elf blademaster (Elf:2)
  Frances (D:13)
  Kirke (D:14)
  Roxanne (Elf:2)
  A thorn hunter (Swamp:2)
  Louise (Swamp:1)
  2 orc warlords (Orc:1)
  The ghost of Dawnonicku the Fighter, a journeyman DrBe of Trog (D:12)
  A ghoul (D:14)
  A juggernaut skeleton (D:15)
  Nessos (D:14)
  A deep elf annihilator (Elf:2)
  5 bunyips
  5 eleionomae
  An ettin (Orc:2)
  Fannar (Lair:1)
  3 boulder beetles
  A boulder beetle (shapeshifter) (D:13)
  Harold (D:7)
  Erolcha (Orc:2)
  A ghost crab (Swamp:2)
  21 hydras
  3 centaur warriors
  The ghost of Siem the Genius of the Arcane, a journeyman OpCj of Sif Muna (Lair:2)
  A merfolk avatar (Lair:6)
  2 catoblepae
  5 two-headed ogres
  Erica (D:11)
  An ogre mage (Orc:2)
  3 alligators
  23 dancing weapons
  A death knight (D:15)
  3 tengu warriors
  Urug (D:14)
  Sonja (Lair:6)
  11 deep elf knights
  8 skeletal warriors
  A fire crab (Lair:5)
  A flayed ghost (D:15)
  2 spriggan druids
  3 goliath frogs
  5 bog bodies
  5 swamp dragons
  8 deep elf archers
  A phantasmal warrior (D:15)
  2 wizards
  A necromancer (D:15)
  An orb spider (Lair:4)
  15 deep elf zephyrmancers
  A harpy (Lair:5)
  5 orc knights
  18 deep elf pyromancers
  2 wolf spider zombies (D:14)
  An oklob plant (Lair:2)
  4 manticores
  12 orc sorcerers
  An ugly thing (D:12)
  7 cyclopes
  A frost giant zombie (D:15)
  5 large abominations (D:15)
  4 will-o-the-wisps
  11 elephants
  6 black mambas
  A water nymph (shapeshifter) (Elf:2)
  14 cane toads
  Maurice (D:8)
  An efreet (D:15)
  A kobold demonologist (D:12)
  A tengu conjurer (D:14)
  3 rime drakes
  4 freezing wraiths (D:15)
  10 komodo dragons
  3 bloated husks
  An elf skeleton (D:15)
  7 trolls
  9 tyrant leeches
  2 wind drakes (Lair:6)
  A troll (shapeshifter) (Elf:1)
  Grinder (D:4)
  8 polar bears
  Prince Ribbit (D:9)
  8 hornets
  14 blink frogs
  5 dream sheep (Lair:4)
  A meliai zombie (D:14)
  9 slime creatures
  4 shadows
  A fire dragon zombie (D:15)
  8 spriggans
  A water elemental (Elf:2)
  44 yaks
  8 wyverns
  A basilisk (Lair:4)
  16 humans (D:14)
  A fire elemental (Elf:2)
  6 hogs (D:14)
  3 wargs (Orc:1)
  11 vampire mosquitoes
  14 swamp worms
  17 water moccasins
  29 orc warriors
  2 ice beasts
  A sky beast (D:6)
  6 swamp drakes
  2 black bears
  A necrophage (D:4)
  A black bear (shapeshifter) (D:14)
  6 ogres
  16 centaurs
  9 wolves
  4 boggarts (D:11)
  2 phantoms
  Blork the orc (D:3)
  2 kobold brigands
  4 earth elementals
  A wyvern zombie (D:7)
  9 scorpions
  10 bullfrogs
  2 water moccasin skeletons
  A troll zombie (D:12)
  7 small abominations (D:15)
  11 killer bees
  8 wights
  14 electric eels
  4 howler monkeys
  3 jellies
  7 centaur zombies
  6 hounds
  A gnoll shaman (D:4)
  4 human zombies (Ossuary)
  15 orc priests
  2 centaur skeletons
  Ijyb (D:3)
  Natasha (thrice) (D:4)
  4 iguanas
  43 orc wizards
  3 scorpion zombies (Ossuary)
  A killer bee zombie (D:8)
  A hound zombie (D:5)
  5 ogre zombies (D:12)
  A hound skeleton (D:4)
  5 mummies
  5 adders
  6 gnolls
  A white imp (D:5)
  A worm (D:4)
  5 dart slugs
  92 orcs
  8 ball pythons
  3 endoplasms
  2 gnoll zombies (Ossuary)
  10 hobgoblins
  15 jackals
  5 quokkas
  8 bats
  3 frilled lizards
  13 goblins
  3 goblin skeletons (D:12)
  4 goblin zombies
  27 kobolds
  2 kobold zombies (Ossuary)
  4 orc skeletons (D:12)
  11 orc zombies
  A quokka skeleton (D:4)
  8 rats
  6 briar patches (Swamp:2)
985 creatures vanquished.

Vanquished Creatures (others)
  A hydra (D:11)
  A deep elf archer (Elf:2)
  A bloated husk (Swamp:3)
  A spriggan (Swamp:2)
  An orc (Orc:1)
  18 foxfires
  31 fungi
  55 plants
  4 withered plants
113 creatures vanquished.

Grand Total: 1098 creatures vanquished

Notes
Turn   | Place    | Note
-------+----------+-------------------------------------------
     0 | D:1      | wakim the Minotaur Berserker began the quest for the Orb.
     0 | D:1      | Reached XP level 1. HP: 19/19 MP: 0/0
    42 | D:1      | Reached XP level 2. HP: 27/27 MP: 1/1
   366 | D:1      | Reached XP level 3. HP: 33/33 MP: 2/2
   437 | D:1      | Reached ** piety under Trog
   885 | D:1      | Found a faded altar of an unknown god.
  1275 | D:2      | Reached XP level 4. HP: 25/40 MP: 3/3
  1452 | D:2      | Reached skill level 5 in Maces & Flails
  1893 | D:3      | Found a shadowy altar of Dithmenos.
  2257 | D:3      | Noticed Ijyb
  2257 | D:3      | Paralysed by Ijyb for 5 turns
  2266 | D:3      | Killed Ijyb
  2456 | D:3      | Reached XP level 5. HP: 47/47 MP: 4/4
  2470 | D:3      | Reached *** piety under Trog
  3006 | D:4      | Noticed Grinder
  3055 | D:4      | Noticed an orc warrior
  3059 | D:4      | Noticed Blork the orc
  3075 | D:3      | Killed Blork the orc
  3076 | D:3      | Reached skill level 5 in Fighting
  3081 | D:3      | Killed an orc warrior
  3082 | D:3      | Reached XP level 6. HP: 49/56 MP: 5/5
  3392 | D:4      | Killed Grinder
  3393 | D:4      | Reached skill level 5 in Armour
  3393 | D:4      | Reached XP level 7. HP: 62/62 MP: 6/6
  3640 | D:4      | Found a hide-covered altar of Uskayaw.
  3829 | D:4      | Noticed Natasha
  3843 | D:4      | Killed Natasha
  3982 | D:4      | Found an iron altar of Okawaru.
  3983 | D:4      | Found a shimmering altar of Xom.
  3984 | D:4      | Found a shimmering blue altar of Sif Muna.
  4207 | D:4      | Reached XP level 8. HP: 70/71 MP: 7/7
  4309 | D:4      | Noticed Natasha
  4316 | D:4      | Killed Natasha
  4567 | D:4      | Noticed Natasha
  4573 | D:4      | Killed Natasha
  4623 | D:5      | Entered Level 5 of the Dungeon
  4926 | D:5      | Reached **** piety under Trog
  5516 | D:6      | Reached skill level 10 in Maces & Flails
  5658 | D:6      | Found a sand-covered staircase.
  5666 | Ossuary  | Entered an ossuary
  5745 | Ossuary  | Reached XP level 9. HP: 68/81 MP: 8/8
  7180 | D:7      | Found a staircase to the Ecumenical Temple.
  7186 | Temple   | Entered the Ecumenical Temple
  7587 | D:7      | Reached skill level 1 in Throwing
  7601 | D:7      | Noticed Harold
  7617 | D:7      | Killed Harold
  7618 | D:7      | Reached XP level 10. HP: 48/91 MP: 9/9
  8841 | D:8      | Found Igat's Jewellery Boutique.
  9444 | D:8      | Noticed Maurice
  9662 | D:8      | Reached skill level 10 in Fighting
  9690 | D:8      | Reached ***** piety under Trog
  9943 | D:8      | Reached skill level 5 in Throwing
 10911 | D:8      | Reached skill level 10 in Armour
 11051 | D:8      | Found a staircase to the Lair.
 11339 | D:8      | Noticed a six-headed hydra
 11359 | D:8      | Killed Maurice
 11365 | D:8      | Killed a six-headed hydra
 11605 | D:8      | Reached XP level 11. HP: 96/101 MP: 10/10
 11708 | D:8      | Identified 2 scrolls of acquirement
 11729 | D:7      | Acquired the ring of Twilight {rElec rF+ Int+4 Slay+2}
 11732 | D:7      | Acquired a +2 great mace of protection
 12113 | D:9      | Found a flagged portal.
 12113 | D:9      | Noticed Prince Ribbit
 12124 | D:9      | Killed Prince Ribbit
 12135 | Bailey   | Entered a bailey
 12166 | Bailey   | Noticed an orc knight
 12257 | Bailey   | Noticed an orc knight
 12268 | Bailey   | Killed an orc knight
 12288 | Bailey   | Identified the +7 hand axe of Arrival {flame, Fly rF+ rC-}
 12383 | Bailey   | Killed an orc knight
 12485 | Bailey   | Found the +8 frozen axe "Frostbite" {freezing cloud, *Noise
                  | Fly rC+}
 12526 | Bailey   | Noticed an orc knight
 12557 | Bailey   | Killed an orc knight
 12558 | Bailey   | Reached skill level 1 in Axes
 12871 | D:9      | Reached skill level 2 in Axes
 12995 | D:9      | Found a stormy altar of Qazlal.
 13616 | D:10     | Entered Level 10 of the Dungeon
 13616 | D:10     | Noticed a two-headed ogre
 13632 | D:9      | Reached skill level 3 in Axes
 13705 | Lair:1   | Entered Level 1 of the Lair of Beasts
 13789 | Lair:1   | Noticed a seven-headed hydra
 13799 | Lair:1   | Killed a seven-headed hydra
 13800 | Lair:1   | Reached skill level 4 in Axes
 13844 | Lair:1   | Noticed Fannar
 13870 | Lair:1   | Killed Fannar
 13871 | Lair:1   | Reached skill level 5 in Axes
 13948 | Lair:1   | Noticed an eight-headed hydra
 13956 | Lair:1   | Killed an eight-headed hydra
 13957 | Lair:1   | Reached skill level 6 in Axes
 14165 | Lair:1   | Identified the +1 leather armour of Least Resistance
                  | {Rampage}
 14172 | Lair:1   | Noticed a seven-headed hydra
 14184 | Lair:1   | Killed a seven-headed hydra
 14737 | Lair:1   | Reached skill level 7 in Axes
 14811 | Lair:2   | Noticed an eight-headed hydra
 14823 | Lair:1   | Killed an eight-headed hydra
 14824 | Lair:1   | Reached XP level 12. HP: 95/108 MP: 11/11
 15205 | Lair:2   | Found a transporter.
 15243 | Lair:2   | Found a transporter.
 15245 | Lair:2   | Noticed Siem's ghost (journeyman OpCj)
 15381 | Lair:2   | Reached skill level 8 in Axes
 16584 | Lair:3   | Reached skill level 9 in Axes
 16766 | Lair:3   | Noticed a five-headed hydra
 16774 | Lair:3   | Killed a five-headed hydra
 16835 | Lair:3   | Noticed a five-headed hydra
 16846 | Lair:3   | Killed a five-headed hydra
 17194 | Lair:3   | Found a staircase to the Swamp.
 17411 | Lair:3   | Reached skill level 10 in Axes
 17857 | Lair:4   | Noticed a four-headed hydra
 17866 | Lair:4   | Killed a four-headed hydra
 18072 | Lair:4   | Reached skill level 11 in Axes
 18222 | Lair:4   | Reached skill level 10 in Throwing
 18405 | Lair:4   | Found a hole to the Spider Nest.
 18412 | Lair:4   | Reached XP level 13. HP: 115/115 MP: 12/12
 18955 | Lair:4   | Reached skill level 12 in Axes
 19500 | Lair:5   | Found a viscous altar of Jiyva.
 19500 | Lair:5   | Found a staircase to the Slime Pits.
 19788 | Lair:5   | Reached ****** piety under Trog
 20250 | Lair:5   | Reached skill level 13 in Axes
 20252 | Lair:5   | Received a gift from Trog
 20923 | Lair:6   | Entered Level 6 of the Lair of Beasts
 21857 | Lair:6   | Reached XP level 14. HP: 124/124 MP: 13/13
 21887 | Lair:6   | Reached skill level 14 in Axes
 21910 | Lair:6   | Noticed Sonja
 21913 | Lair:6   | Killed Sonja
 22412 | Lair:6   | Identified the +3 plate armour "Quismol" {Drain rElec rPois
                  | rC+ SInv}
 22414 | Lair:6   | Identified the +4 trident "Zughath" {protect, Int+3}
 24405 | D:11     | Noticed Erica
 24413 | D:11     | Killed Erica
 24478 | D:11     | Reached skill level 1 in Evocations
 24756 | D:11     | Found Uhaajask's Distillery.
 25109 | D:12     | Found a runed translucent door.
 25116 | D:12     | Received a gift from Trog
 25117 | D:12     | Noticed Dawnonicku's ghost (journeyman DrBe)
 25343 | D:12     | Reached skill level 15 in Axes
 25398 | D:12     | Identified the +7 hand crossbow "Miuhomol" {venom, rC+
                  | Int+9 Dex-2}
 25442 | D:12     | Noticed Rupert
 25454 | D:12     | Killed Rupert
 25461 | D:12     | Found a staircase to the Orcish Mines.
 26250 | Lair:2   | Reached skill level 15 in Armour
 26263 | Lair:2   | Killed Siem's ghost
 26620 | Orc:1    | Entered Level 1 of the Orcish Mines
 26621 | Orc:1    | Noticed an orc warlord
 27157 | Orc:1    | Received a gift from Trog
 27348 | Orc:1    | Killed an orc warlord
 27636 | Orc:2    | Entered Level 2 of the Orcish Mines
 28164 | Orc:1    | Found a bloodstained altar of Trog.
 28200 | Orc:1    | Noticed an orc warlord
 28215 | Orc:1    | Killed an orc warlord
 28216 | Orc:1    | Reached skill level 1 in Crossbows
 28227 | Orc:1    | Received a gift from Trog
 28718 | Orc:2    | Reached XP level 15. HP: 133/134 MP: 14/14
 28795 | Orc:2    | Found a staircase to the Elven Halls.
 28808 | Orc:2    | Found Ganizint's Overcharged Wands.
 28846 | Orc:2    | Found Foirenn's Magic Scroll Emporium.
 28854 | Orc:2    | Bought a scroll of identify for 26 gold pieces
 28854 | Orc:2    | Bought a scroll of identify for 26 gold pieces
 28854 | Orc:2    | Bought a scroll of identify for 26 gold pieces
 28854 | Orc:2    | Bought a scroll of identify for 26 gold pieces
 28892 | Orc:2    | Noticed Erolcha
 28914 | Orc:2    | Killed Erolcha
 28984 | Orc:2    | Found Omaqiomm's Antique Armour Emporium.
 28990 | Orc:2    | Received a gift from Trog
 29012 | Orc:2    | Found an ancient bone altar of Kikubaaqudgha.
 29027 | Orc:2    | Found Ihideq's Antique Weapon Shoppe.
 29067 | Orc:2    | Paralysed by an orc sorcerer for 2 turns
 29075 | Orc:2    | Gained mutation: You sometimes lose the ability to read
                  | scrolls when taking damage. [a neqoxec]
 29216 | Orc:2    | Bought a warped war axe for 297 gold pieces
 29216 | Orc:2    | Identified the +8 war axe of World's End {freeze, rN+
                  | Str+4} (You bought it in a shop on level 2 of the Orcish
                  | Mines)
 29218 | Orc:2    | Found a radiant altar of Vehumet.
 29230 | Orc:2    | Found Moesor's Jewellery Emporium.
 29275 | Orc:2    | Found Jiossuili's Distillery.
 29283 | Orc:2    | Bought a potion of cancellation for 112 gold pieces
 29313 | Orc:2    | Bought a pair of glowing boots for 165 gold pieces
 29539 | D:12     | Killed Dawnonicku's ghost
 29540 | D:12     | Reached skill level 16 in Axes
 29584 | D:12     | Lost mutation: You sometimes lose the ability to read
                  | scrolls when taking damage. [potion of mutation]
 29584 | D:12     | Gained mutation: You passively map a small area around you.
                  | [potion of mutation]
 29584 | D:12     | Gained mutation: You are frail. (-10% HP) [potion of
                  | mutation]
 29584 | D:12     | Gained mutation: You expend magic power (3 MP) to
                  | strengthen your wands. [potion of mutation]
 29584 | D:12     | Gained mutation: You evolve. [potion of mutation]
 29585 | D:12     | Lost mutation: You expend magic power (3 MP) to strengthen
                  | your wands. [potion of mutation]
 29585 | D:12     | Lost mutation: You are frail. (-10% HP) [potion of
                  | mutation]
 29585 | D:12     | Gained mutation: Armour fits poorly on your strangely
                  | shaped body. [potion of mutation]
 29586 | D:12     | Lost mutation: Armour fits poorly on your strangely shaped
                  | body. [potion of mutation]
 29586 | D:12     | Gained mutation: Your mind is acute. (Int +2) [potion of
                  | mutation]
 29586 | D:12     | Gained mutation: You are partially covered in iridescent
                  | scales. (AC +2) [potion of mutation]
 29586 | D:12     | Gained mutation: You are agile. (Dex +2) [potion of
                  | mutation]
 29856 | D:13     | Noticed Jorgrun
 29874 | D:13     | Killed Jorgrun
 30565 | D:13     | Noticed Frances
 30586 | D:13     | Killed Frances
 30844 | D:14     | Found a sparkling altar of Nemelex Xobeh.
 30871 | D:14     | Noticed Kirke
 30882 | D:14     | Killed Kirke
 31189 | D:14     | Noticed Nessos
 31190 | D:14     | Noticed Urug
 31192 | D:14     | Found a gate to the Vaults.
 31207 | D:14     | Killed Urug
 31219 | D:14     | Received a gift from Trog
 31224 | D:14     | Reached skill level 5 in Evocations
 31227 | D:14     | Killed Nessos
 31959 | D:14     | Reached skill level 17 in Axes
 31980 | D:14     | Reached skill level 5 in Crossbows
 32630 | D:15     | Entered Level 15 of the Dungeon
 32773 | D:15     | Reached skill level 5 in Dodging
 32773 | D:15     | Reached XP level 16. HP: 123/143 MP: 11/15
 33037 | D:15     | Identified the +1 robe of Cocytus {rPois rC- Str+4}
 33125 | D:15     | Found a staircase to the Depths.
 33662 | D:15     | Identified the +7 great mace of the Jumping Lamprey {venom,
                  | rN++ Will- Int+3}
 33870 | Elf:1    | Entered Level 1 of the Elven Halls
 34098 | Elf:1    | Received a gift from Trog
 34161 | Elf:1    | Gained mutation: You have an increased reservoir of magic.
                  | (+10% MP) [evolution]
 34818 | Elf:1    | Reached skill level 18 in Axes
 36745 | Elf:2    | Noticed Roxanne
 36766 | Elf:2    | HP: 6/143 [deep elf knight/shard of ice (27)]
 37507 | Elf:2    | Found Figy's Armour Emporium.
 37566 | Elf:3    | Entered Level 3 of the Elven Halls
 37647 | Elf:2    | Killed Roxanne
 38218 | Elf:2    | Found a runed translucent gate.
 38218 | Elf:2    | Found a runed translucent gate.
 38222 | Elf:2    | Found a runed translucent gate.
 39362 | Elf:2    | Reached XP level 17. HP: 148/149 MP: 14/17
 39521 | Elf:2    | Noticed a deep elf blademaster
 39545 | Elf:2    | Reached skill level 19 in Axes
 39545 | Elf:2    | Killed a deep elf blademaster
 39769 | Elf:2    | Gained mutation: You are very agile. (Dex +4) [evolution]
 40684 | Swamp:1  | Entered Level 1 of the Swamp
 40900 | Swamp:1  | Noticed Louise
 40920 | Swamp:1  | Killed Louise
 41264 | Swamp:1  | Received a gift from Trog
 43320 | Swamp:2  | Reached skill level 20 in Axes
 43740 | Swamp:3  | Found a shimmering altar of Xom.
 43867 | Swamp:3  | Identified the +7 long sword of Icsofuu {vorpal, +Blink rC+
                  | rN+} (Trog gifted it to you on level 3 of the Swamp)
 43867 | Swamp:3  | Received a gift from Trog
 43975 | Swamp:3  | Found a broken altar of Ashenzari.
 44281 | Swamp:4  | Entered Level 4 of the Swamp
 44405 | Swamp:4  | Reached skill level 10 in Crossbows
 44482 | Swamp:4  | HP: 1/150 [acid (7)]
 44483 | Swamp:4  | Splashed by a goliath frog's acid

Illustrated notes

Levels and vault maps discovered:
D:1:      lightli_arrival_statuegarden, layout_loops_ring,
          hellmonk_ecumenical_altar_defaced_shrine
D:2:      layout_basic, dk_noncrumbling_4, minmay_misc_feat_columns,
          minivault_11
D:3:      layout_basic, grunt_dithmenos_smoke_and_mirrors,
          minmay_shallow_snake_nest, uniq_ijyb
D:4:      minmay_razor_zed, layout_cave_pools,
          chequers_temple_overflow_statue_of_worship, chequers_mini_garden,
          uniq_natasha, uniq_grinder, uniq_blork_the_orc
D:5:      layout_loops_ring
D:6:      layout_loops_ring, chequers_ossuary_entry_cave
D:7:      layout_rooms, minmay_temple_entry_arrows, minivault_14, uniq_harold
D:8:      layout_basic, erik_lair_island, serial_shops, nicolae_stop_n_shop_1,
          kennysheep_decorative_pillar, uniq_maurice
D:9:      layout_irregular_city, nicolae_overflow_hidden_temple, enter_bailey_6,
          uniq_prince_ribbit1
D:10:     layout_long_grid, kennysheep_potato
D:11:     layout_roguey, serial_shops, kennysheep_little_box,
          lemuel_flamethrower_hall, uniq_erica
D:12:     layout_rooms, zombieorc1_lemuel, gammafunk_ghost_grave, uniq_rupert
D:13:     layout_roguey, the_hattery, uniq_frances, uniq_jorgrun
D:14:     layout_irregular_city, david_vaults_3, serial_undead, serial_undead_a,
          serial_undead_f, serial_undead_b, serial_undead_c,
          nemelex_xobeh_ov_fountains_minmay, uniq_kirke
D:15:     gammafunk_depths_entry_grave, layout_irregular_city, minivault_26,
          chequers_serial_rivers_small_b, laboratory
Temple:   regret_index_temple_sphere_string
Lair:1:   layout_cave_pods, uniq_fannar
Lair:2:   layout_layer_cave, nzn_ghost_randoct, grunt_megastairs_1
Lair:3:   layout_hall_layers, minmay_swamp_entry_worms,
          gammafunk_lair_bear_cave, serial_bayou_shore_a, grunt_megastairs_2
Lair:4:   layout_cellular_growth, nicolae_spider_entry_orb_guardian,
          cheibrodos_lair_lostbears, uniq_urug
Lair:5:   beast_lair_carwin_large_3, layout_small_grid, slime_altar_1
Lair:6:   gammafunk_lair_ancient_temple, layout_loops_ring, uniq_sonja
Swamp:1:  layout_basic_swamp, serial_swamp_ruin, evilmike_swamp_ruin_house_3,
          evilmike_swamp_ruin_rubble_2, hangedman_swamp_ruin_wall, swamp_pool1,
          uniq_louise
Swamp:2:  layout_falls_marsh, nicolae_swamp_small_spring
Swamp:3:  layout_falls_marsh, basic_altar, swamp_pool4,
          nicolae_swamp_feature_on_the_river_bank
Swamp:4:  swamp_basic_johnstein, layout_basic_swamp,
          infiniplex_staircase_pool_2, uniq_bai_suzhen
Orc:1:    layout_caves, basic_altar
Orc:2:    kennysheep_orc_mage_school, layout_diamond_mine, basic_altar,
          serial_shops, shop_statue, nicolae_shop_overcharged_wands
Elf:1:    eino_elf_arrival_shootout, layout_geoelf_diagonals,
          minmay_elf_crystal_hexagon, drop_trap, amcnicky_mini_corridor_feature
Elf:2:    nicolae_elf_blades_splatter_lattice [nicolae_blade_little_rooms],
          layout_geoelf_octagon, serial_shops, nicolae_shop_window_shopping,
          amcnicky_mini_pool_small, uniq_roxanne
Elf:3:    minmay_elf_hall_four_x, layout_loops_corners, serial_sigils,
          serial_sigils_hangedman_confine, serial_sigils_hangedman_stare,
          serial_sigils_hangedman_shear, serial_sigils_hangedman_gut,
          serial_shops, nicolae_lakefront_shop

Skill      XL: |  1  2  3  4  5  6  7  8  9 10 11 12 13 14 15 16 17 |
---------------+----------------------------------------------------+-----
Maces & Flails | 4 5 6 7 8 10 12 | 12.2
Fighting       | 4 5 6 7 9 10 11 12 13 | 13.6
Armour         | 3 4 5 6 7 9 10 11 13 14 15 16 | 16.4
Throwing       | 3 6 8 10 11 12 | 12.0
Axes           | 7 11 13 15 17 18 20 | 20.3
Dodging        | 3 5 7 8 |  8.0
Evocations     | 3 5 7 8 |  8.0
Crossbows      | 1 5 8 10 | 10.0

Action                   |  1- 3 |  4- 6 |  7- 9 | 10-12 | 13-15 | 16-18 || total
-------------------------+-------+-------+-------+-------+-------+-------++-------
Melee: Mace              |    55 |       |       |       |       |       ||    55
       Headbutt          |    13 |    10 |    74 |   117 |   321 |   182 ||   717
       Whip              |    23 |    83 |   342 |   534 |   445 |       ||  1427
       Great mace        |       |       |       |    42 |       |       ||    42
       Battleaxe         |       |       |       |       |   443 |   242 ||   685
       Hand axe          |       |       |       |       |   273 |   316 ||   589
       Executioner's axe |       |       |       |       |       |   175 ||   175
 Fire: Shortbow          |       |       |    11 |    86 |       |       ||    97
       Hand crossbow     |       |       |       |       |    11 |       ||    11
       Arbalest          |       |       |       |       |       |    31 ||    31
Throw: Boomerang         |       |       |       |    75 |   123 |   126 ||   324
       Dart              |       |       |       |       |     3 |       ||     3
Invok: Trog's Hand       |       |     3 |     6 |     8 |    26 |    14 ||    57
       Berserk           |       |     3 |     2 |    10 |    17 |     3 ||    35
Evoke: Wand              |       |       |       |       |     1 |       ||     1
  Use: Scroll            |       |       |    13 |    11 |     9 |     8 ||    41
       Potion            |       |       |       |       |     4 |     2 ||     6
 Stab: Sleeping          |     1 |     1 |       |       |       |       ||     2
       Distracted        |     1 |       |       |       |       |       ||     1
       Paralysed         |       |       |       |       |     2 |       ||     2
Armor: Animal skin       |    21 |     1 |       |       |       |       ||    22
       Ring mail         |       |     7 |       |       |       |       ||     7
       Chain mail        |       |    22 |    26 |       |       |       ||    48
       Scale mail        |       |     2 |       |       |       |       ||     2
       Plate armour      |       |       |   125 |   277 |   738 |   384 ||  1524
Dodge: Dodged            |    60 |    41 |    90 |   217 |   618 |   319 ||  1345

Table legend: (Time is in decaauts)
 A = Elapsed time spent in this place.
 B = Non-inter-level travel time spent in this place.
 C = Inter-level travel time spent in this place.
 D = Time resting spent in this place.
 E = Time spent auto-exploring this place.
 F = Levels seen in this place.
 G = Mean time per level.
                   A        B        C        D        E       F      G
               +--------+--------+--------+--------+--------+-----+--------+
         Total |  43903 |  40156 |   3747 |   6114 |  26817 |  33 | 1330.4 |
       Dungeon |  21646 |  19563 |   2083 |   3297 |  12817 |  15 | 1443.1 |
        Temple |      1 |      1 |      0 |      0 |      0 |   1 |    1.0 |
          Lair |   9427 |   8776 |    651 |    765 |   6727 |   6 | 1571.2 |
         Swamp |   3778 |   3671 |    107 |    512 |   2585 |   4 |  944.5 |
  Orcish Mines |   2243 |   1871 |    372 |    260 |   1159 |   2 | 1121.5 |
   Elven Halls |   5667 |   5133 |    534 |   1179 |   2973 |   3 | 1889.0 |
       Ossuary |    542 |    542 |      0 |     99 |    237 |   1 |  542.0 |
        Bailey |    595 |    595 |      0 |      0 |    317 |   1 |  595.0 |
               +--------+--------+--------+--------+--------+-----+--------+

Top non-repeatable levels by time:
   Elf:2: 3421 daAuts
     D:8: 3080 daAuts
    D:12: 2467 daAuts
 Swamp:1: 2350 daAuts
   Elf:1: 2244 daAuts
     D:7: 1968 daAuts
  Lair:5: 1856 daAuts
  Lair:2: 1808 daAuts
    D:14: 1759 daAuts
   Orc:2: 1644 daAuts
  Lair:4: 1629 daAuts
    D:13: 1618 daAuts
     D:3: 1528 daAuts
  Lair:1: 1475 daAuts
     D:4: 1407 daAuts
